[Event "Titled Tuesday Blitz October 25 Late 2022"]
[White "Toncheva, Nadya"]
[Black "Varriale, Luca"]
[WhiteFideId "2924056"]
[BlackFideId "882461"]
[WhiteElo "2101"]
[BlackElo "2245"]
[Result "1-0"]
[Round "09"]
[TimeControl "180+1"]
[Date "2022.10.26"]
[WhiteClock "0:01:08"]
[BlackClock "0:01:02"]

1. e4 e6 2. d4 d5 3. Nd2 Nf6 4. e5 Nfd7 5. Ngf3 c5 6. c3 Nc6 7. Bd3 cxd4 8. cxd4 f6 9. exf6 Nxf6 10. O-O Bd6 11. Re1 O-O 12. Nf1 Qb6 13. b3 Bd7 14. Be3 Rac8 15. Rc1 Nb4 16. Bb1 Rxc1 17. Qxc1 Rc8 18. Qd2 Nc6 19. Rc1 Ng4 20. Qd3 g6 21. h4 Nxe3 22. Nxe3 Kg7 23. h5 Nb4 24. Qd2 Rxc1+ 25. Qxc1 Bf4 26. Nf5+ exf5 27. Qxf4 Qf6 28. h6+ Kg8 29. Qb8+ Kf7 30. Qxb7 Qc6 31. Ne5+ 1-0


[Site "https://www.chess.com"]

[Event "Titled Tuesday Blitz October 25 Late 2022"]
[White "Wiegmann, Sascha"]
[Black "Mikhalsky, Vladimir"]
[WhiteFideId "4682041"]
[BlackFideId "14144352"]
[WhiteElo "2292"]
[BlackElo "2271"]
[Result "1-0"]
[Round "09"]
[TimeControl "180+1"]
[Date "2022.10.26"]
[WhiteClock "0:00:10"]
[BlackClock "0:00:18"]

1. Nf3 c5 2. g3 Nc6 3. Bg2 e5 4. e4 g6 5. O-O Bg7 6. c3 Nge7 7. Na3 O-O 8. d4 cxd4 9. cxd4 exd4 10. Nb5 Qb6 11. Nd6 Na5 12. e5 Nec6 13. Bf4 Qxb2 14. Rb1 Qxa2 15. Nxd4 Bxe5 16. Nxc6 Nxc6 17. Bxc6 Bxf4 18. Nxc8 bxc6 19. Ne7+ Kg7 20. gxf4 Qe6 21. Re1 Qf6 22. Qxd7 Qxf4 23. Nxc6 Qg5+ 24. Kh1 a5 25. Qd4+ Qf6 26. Qxf6+ Kxf6 27. Ra1 a4 28. Ra3 Rfc8 29. Nd4 Rc4 30. Nb5 Rf4 31. Kg2 Ra5 32. Nc3 Rg5+ 33. Kf1 Rgf5 34. Re2 Rh4 35. Rxa4 Rxh2 36. Ne4+ Kg7 37. Ng3 Rb5 38. Kg1 Rh6 39. Rf4 Rg5 40. Kg2 Rc5 41. Re7 g5 42. Rfxf7+ Kg6 43. Ra7 Re5 44. Rfb7 g4 45. Rb6+ Kg5 46. Rg7+ Rg6 47. Rbxg6+ hxg6 48. Ra7 Rc5 49. Ra4 Kh6 50. Rxg4 Rc6 51. Ne4 Ra6 52. Kf3 Ra3+ 53. Kg2 Ra2 54. Ng3 Ra3 55. Re4 Ra2 56. Re2 Ra3 57. Re3 Ra4 58. Kf3 Kg5 59. Re5+ Kf6 60. Re3 Ra1 61. Ne2 Ra4 62. Nf4 g5 63. Ne2 Kf5 64. Ng3+ Kg6 65. Rb3 g4+ 66. Kg2 Kg5 67. Rb5+ Kf4 68. Rf5# 1-0


[Site "https://www.chess.com"]

[Event "Titled Tuesday Blitz October 25 Late 2022"]
[White "Yanayt, Eugene"]
[Black "Schuster, Karsten"]
[WhiteFideId "2020165"]
[BlackFideId "4611071"]
[WhiteElo "2046"]
[BlackElo "2294"]
[Result "1-0"]
[Round "09"]
[TimeControl "180+1"]
[Date "2022.10.26"]
[WhiteClock "0:00:28"]
[BlackClock "0:01:24"]

1. d4 d5 2. c4 c6 3. Nf3 Nf6 4. Qb3 dxc4 5. Qxc4 Bf5 6. g3 e6 7. Bg2 Be7 8. O-O O-O 9. Rd1 Nbd7 10. e3 Ne4 11. Ne1 Rc8 12. f3 Nd6 13. Qe2 Bg6 14. e4 Qc7 15. Nc3 e5 16. d5 f5 17. Bh3 fxe4 18. fxe4 Rcd8 19. Nd3 Kh8 20. Bxd7 Qxd7 21. Nxe5 Qh3 22. Nxg6+ hxg6 23. Bf4 Nf7 24. e5 Bc5+ 25. Kh1 cxd5 26. e6 Nh6 27. e7 Bxe7 28. Qxe7 Ng4 29. Rd2 d4 30. Nb5 Rde8 31. Qg5 Rf5 32. Qxg6 Ref8 33. Nxd4 Rh5 34. Nf3 Rxf4 35. Rd8+ 1-0


[Site "https://www.chess.com"]

[Event "Titled Tuesday Blitz October 25 Late 2022"]
[White "Yurovskykh, Oleksandr"]
[Black "Faizrakhmanov, Ramil"]
[WhiteFideId "14134020"]
[BlackFideId "24103209"]
[WhiteElo "2303"]
[BlackElo "2421"]
[Result "1-0"]
[Round "09"]
[TimeControl "180+1"]
[Date "2022.10.26"]
[WhiteClock "0:00:06"]
[BlackClock "0:00:07"]

1. d4 Nf6 2. Nf3 d5 3. Bf4 c5 4. e3 Nc6 5. c3 Bf5 6. Nbd2 e6 7. Qb3 Qc8 8. Be2 h6 9. h3 Be7 10. O-O O-O 11. Ne5 a6 12. Rfe1 b5 13. Qd1 c4 14. Bf3 Nxe5 15. Bxe5 Ne4 16. Nxe4 dxe4 17. Be2 b4 18. Qa4 Qb7 19. Bxc4 Rfc8 20. Qb3 Qc6 21. Be2 bxc3 22. bxc3 Qxc3 23. Qxc3 Rxc3 24. Rec1 Rac8 25. Rxc3 Rxc3 26. Bxa6 f6 27. Bg3 Ba3 28. Bb5 Bg6 29. Ba4 Bf7 30. Bb3 g5 31. Bb8 h5 32. Ba7 e5 33. Bxf7+ Kxf7 34. dxe5 fxe5 35. Bb8 Ke6 36. Rb1 Bc5 37. a4 g4 38. hxg4 hxg4 39. Kh2 Rc2 40. Kg3 Be7 41. Rb5 Bf6 42. a5 Ra2 43. Bc7 Kf5 44. Rb6 Ra3 45. a6 Bg5 46. Kh2 Ra2 47. Rb5 Rxa6 48. Bxe5 Kg6 49. Bf4 Bxf4+ 50. exf4 Ra3 51. Re5 g3+ 52. fxg3 Re3 53. Kh3 Kf6 54. Kh4 Re2 55. Kg4 Re3 56. Re8 Re2 57. Kh3 Re1 58. Kh2 Kf5 59. Re5+ Kf6 60. g4 e3 61. Kg3 e2 62. Re4 Kg6 63. Kf2 Rf1+ 64. Kxe2 Ra1 65. Kf2 Ra3 66. Re3 Ra4 67. Kf3 Ra6 68. g3 Rb6 69. Rd3 Ra6 70. Re3 Rb6 71. Re5 Kf6 72. Kg2 Rb1 73. Rf5+ Kg6 74. Ra5 Kf6 75. Kf3 Rb3+ 76. Kg2 Rb1 77. g5+ Kg6 78. g4 Rb4 79. Kg3 Rb1 80. Ra6+ Kg7 81. f5 Rb2 82. g6 Kh6 83. Ra7 Rb3+ 84. Kh4 Rb7 85. Ra6 Rb1 86. g5+ Kg7 87. Ra7+ Kg8 88. f6 Rb8 89. Rg7+ Kh8 90. Rh7+ Kg8 91. Ra7 Kh8 92. Kh5 Rc8 93. g7+ Kh7 94. g6+ Kg8 95. Kh6 Rf8 96. gxf8=Q+ Kxf8 97. Ra8# 1-0


[Site "https://www.chess.com"]

[Event "Titled Tuesday Blitz October 25 Late 2022"]
[White "Yurtseven, Melih"]
[Black "Saucey, Michel"]
[WhiteFideId "6312160"]
[BlackFideId "601845"]
[WhiteElo "2218"]
[BlackElo "2253"]
[Result "1-0"]
[Round "09"]
[TimeControl "180+1"]
[Date "2022.10.26"]
[WhiteClock "0:00:09"]
[BlackClock "0:00:02"]

1. d4 d5 2. c4 e6 3. Nf3 Nf6 4. Nc3 Bb4 5. Qa4+ Nc6 6. e3 O-O 7. Bd2 dxc4 8. Bxc4 Bd6 9. Bb5 Bd7 10. Rd1 a6 11. Be2 e5 12. dxe5 Nxe5 13. Qc2 Qe7 14. Bc1 Bc6 15. Nd4 Bd7 16. O-O g6 17. h3 c5 18. Nf3 Bc6 19. e4 Nxf3+ 20. Bxf3 Be5 21. Bg5 Kg7 22. Rfe1 h6 23. Bc1 Rfe8 24. Nd5 Bxd5 25. exd5 Qd6 26. b3 Nd7 27. Ba3 Bf6 28. Re2 Rxe2 29. Qxe2 b5 30. Rc1 Rc8 31. g3 Qe5 32. Qxe5 Bxe5 33. Re1 Bd6 34. Kg2 Kf8 35. Bg4 Rd8 36. Bc1 Kg7 37. Bb2+ Kf8 38. Bf3 c4 39. bxc4 bxc4 40. Bc3 Rc8 41. Rc1 Nc5 42. Rc2 Nd3 43. Be2 Ke8 44. Kf1 Kd7 45. Bd4 Ne5 46. f4 Nd3 47. Bf6 1-0


[Site "https://www.chess.com"]

[Event "Titled Tuesday Blitz October 25 Late 2022"]
[White "Zhang, Alan"]
[Black "Prohorov, Olexandr"]
[WhiteFideId "30936870"]
[BlackFideId "14105578"]
[WhiteElo "2067"]
[BlackElo "1993"]
[Result "0-1"]
[Round "09"]
[TimeControl "180+1"]
[Date "2022.10.26"]
[WhiteClock "0:00:03"]
[BlackClock "0:02:25"]

1. e4 c5 2. Nf3 e6 3. d4 cxd4 4. Nxd4 Qb6 5. a4 Bc5 6. a5 Qc7 7. Nb3 Be7 8. Nc3 Nf6 9. Bd2 Nc6 10. Bd3 d5 11. exd5 exd5 12. Qe2 O-O 13. O-O Re8 14. Qf3 Nb4 0-1


[Site "https://www.chess.com"]

[Event "Titled Tuesday Blitz October 25 Late 2022"]
[White "chess50years"]
[Black "Floresvillar Gonzalez, Luis Migu"]
[BlackFideId "5100542"]
[WhiteElo "1747"]
[BlackElo "2040"]
[Result "0-1"]
[Round "09"]
[TimeControl "180+1"]
[Date "2022.10.26"]
[WhiteClock "0:00:14"]
[BlackClock "0:00:14"]

1. d4 Nf6 2. c4 e5 3. dxe5 Ng4 4. Bf4 g5 5. Bg3 Bg7 6. Nf3 Nc6 7. Nc3 Ngxe5 8. Nxe5 Nxe5 9. e3 d6 10. h4 g4 11. Be2 h5 12. Qc2 Be6 13. Nd5 c6 14. Nf4 Qa5+ 15. Kf1 O-O-O 16. Nxe6 fxe6 17. a3 Rdf8 18. Kg1 Qd8 19. a4 Qf6 20. a5 a6 21. Rb1 Qf5 22. Qxf5 Rxf5 23. Bxe5 Bxe5 24. g3 Rhf8 25. Rh2 d5 26. Bd3 R5f6 27. cxd5 exd5 28. b4 Bc3 29. Be2 d4 30. exd4 Bxd4 31. Rf1 Bc3 32. Rb1 Re8 33. Bd3 Rd8 34. Be4 Rd4 35. Bh7 Rxb4 36. Rd1 Rd4 37. Rc1 Bxa5 38. Rb1 Kc7 39. Kg2 Bb6 40. Kf1 Rd2 41. Ke1 Rdxf2 42. Rxf2 Bxf2+ 0-1


[Site "https://www.chess.com"]

[Event "Titled Tuesday Blitz October 25 Late 2022"]
[White "Abdyzhapar, Asylbek"]
[Black "Karacsonyi, Gellert"]
[WhiteFideId "13800337"]
[BlackFideId "764620"]
[WhiteElo "2323"]
[BlackElo "2308"]
[Result "1/2-1/2"]
[Round "10"]
[TimeControl "180+1"]
[Date "2022.10.26"]
[WhiteClock "0:00:11"]
[BlackClock "0:00:04"]

1. e4 c5 2. Nf3 Nc6 3. d4 cxd4 4. Nxd4 g6 5. c4 Nf6 6. Nc3 d6 7. f3 Nxd4 8. Qxd4 Bg7 9. Qd3 O-O 10. Be2 a5 11. Be3 a4 12. O-O Qa5 13. Rfc1 Be6 14. Kh1 Nd7 15. Rab1 Rfc8 16. Nd5 Bxd5 17. exd5 Nc5 18. Qd1 Qb4 19. Bd2 Qb6 20. b4 axb3 21. axb3 Ra2 22. Rc2 Rca8 23. b4 Nd7 24. c5 dxc5 25. bxc5 Qxb1 26. Qxb1 Ra1 27. Rc1 Rxb1 28. Rxb1 Nxc5 29. Be3 Nd7 30. g3 Ra1 31. Rxa1 Bxa1 32. Bb5 Nf6 33. Bc4 b5 34. Bb3 h5 35. Kg2 Kf8 36. h3 Ke8 37. g4 Kd7 38. Bc5 Be5 39. Kf2 Bd6 40. Bd4 Ne8 41. Ke3 hxg4 42. fxg4 g5 43. Ke4 Bf4 44. Bc5 Nc7 45. h4 Ne8 46. h5 Nf6+ 47. Kf5 Ng8 48. Bd1 Nh6+ 49. Ke4 e6 50. Be2 f5+ 51. gxf5 exf5+ 52. Kd4 Bd6 53. Bxb5+ Ke7 54. Bb6 g4 55. Kd3 f4 56. Ke4 Nf7 57. Kf5 g3 58. Be2 Ne5 59. h6 f3 60. Bxf3 Nxf3 61. h7 Be5 62. Ke4 Kd6 63. Ba7 Bh8 64. Kxf3 Kxd5 65. Kxg3 Ke6 66. Kg4 Kf6 67. Kh5 Kg7 68. Bd4+ Kxh7 1/2-1/2


[Site "https://www.chess.com"]

[Event "Titled Tuesday Blitz October 25 Late 2022"]
[White "Ali Abdullahi, Farah"]
[Black "Bilan, Danila"]
[WhiteFideId "16100212"]
[BlackFideId "24161918"]
[WhiteElo "2256"]
[BlackElo "2203"]
[Result "0-1"]
[Round "10"]
[TimeControl "180+1"]
[Date "2022.10.26"]
[WhiteClock "0:01:10"]
[BlackClock "0:00:04"]

1. b3 d5 2. Bb2 Nf6 3. Nf3 c5 4. e3 Nc6 5. Bb5 Qb6 6. Bxc6+ Qxc6 7. Ne5 Qc7 8. O-O g6 9. f4 Bg7 10. d3 Ng4 11. Qf3 O-O 12. Qxd5 Nxe3 13. Qf3 Nxc2 14. Nd2 Nxa1 15. Rxa1 Rd8 16. Ndc4 Be6 17. a4 f6 18. Ng4 Qd7 19. Nf2 Bd5 20. Qe3 Re8 21. Qxc5 b6 22. Qd4 Rad8 23. Qe3 Be6 24. h3 Bxc4 25. dxc4 Qd2 26. Qc3 Qxc3 27. Bxc3 f5 28. Bxg7 Kxg7 29. a5 e5 30. axb6 axb6 31. Ra7+ Kg8 32. h4 exf4 33. Nh3 Rd4 34. Ng5 Re2 35. Nxh7 Rdd2 36. Nf6+ Kf8 37. Nh7+ Ke8 38. Nf6+ Kd8 39. Nd5 Rxg2+ 40. Kf1 f3 41. Ra8+ Kd7 42. Nxb6+ Kc6 43. Ra1 Kxb6 44. b4 Rdf2+ 45. Ke1 Re2+ 46. Kf1 Ra2 47. c5+ Kb5 48. Rc1 Rh2 49. Kg1 Rag2+ 50. Kf1 Rh1# 0-1


[Site "https://www.chess.com"]

[Event "Titled Tuesday Blitz October 25 Late 2022"]
[White "Almedina Ortiz, Edgardo J."]
[Black "Rodriguez Santiago, Jaime"]
[WhiteFideId "3100197"]
[BlackFideId "3100898"]
[WhiteElo "2217"]
[BlackElo "2025"]
[Result "1-0"]
[Round "10"]
[TimeControl "180+1"]
[Date "2022.10.26"]
[WhiteClock "0:00:10"]
[BlackClock "0:00:15"]

1. e4 c6 2. d4 d5 3. exd5 cxd5 4. Bd3 Nc6 5. c3 Qc7 6. Ne2 Bg4 7. O-O Nf6 8. Qe1 e6 9. f3 Bh5 10. Qh4 Rg8 11. Nf4 g5 12. Nxh5 gxh4 13. Nxf6+ Kd8 14. Nxg8 Bd6 15. Bg5+ Kc8 16. f4 a5 17. a4 b6 18. Na3 Bxa3 19. Rxa3 Kb7 20. Nf6 h6 21. Bxh4 Ne7 22. Raa1 Rh8 23. f5 exf5 24. Bxf5 Nxf5 25. Rxf5 Qc4 26. Rxd5 Qe2 27. Re1 Qxb2 28. Bf2 Rc8 29. Rd7+ Ka6 30. Nd5 Rc6 31. Rxf7 Rg6 32. Nc7+ Kb7 33. Nb5+ Kc6 34. c4 1-0


[Site "https://www.chess.com"]

[Event "Titled Tuesday Blitz October 25 Late 2022"]
[White "Annaberdiyev, Babageldi"]
[Black "Thomforde-Toates, Noah"]
[WhiteFideId "14000385"]
[BlackFideId "30951992"]
[WhiteElo "2332"]
[BlackElo "2657"]
[Result "1-0"]
[Round "10"]
[TimeControl "180+1"]
[Date "2022.10.26"]
[WhiteClock "0:01:02"]
[BlackClock "0:00:38"]

1. e4 c5 2. Nf3 g6 3. d4 cxd4 4. Qxd4 Nf6 5. e5 Nc6 6. Qh4 Nd5 7. Bc4 Nb6 8. Bb3 d5 9. O-O e6 10. Bg5 Be7 11. Bxe7 Qxe7 12. Qh6 Bd7 13. Nc3 Na5 14. Rfe1 Qf8 15. Qh4 Qe7 16. Qh6 Qf8 17. Qf4 Rc8 18. Qf6 Bc6 19. Rad1 h6 20. h4 Rg8 21. Bxd5 Nxd5 22. Nxd5 Bxd5 23. Rxd5 exd5 24. e6 fxe6 25. Rxe6+ Kd7 26. Ne5+ Kc7 27. Re7+ Kb8 28. Nd7+ Ka8 29. Nxf8 Rgxf8 30. Qxg6 Nc4 31. b3 Na3 32. Qg7 Rg8 33. Qf7 Rb8 34. Rxb7 Rxb7 35. Qxg8+ Rb8 36. Qxd5+ Rb7 37. c4 1-0


[Site "https://www.chess.com"]

[Event "Titled Tuesday Blitz October 25 Late 2022"]
[White "Arbunic Castro, Giovanna"]
[Black "Broca Jimenez, Fernando"]
[WhiteFideId "3400549"]
[BlackFideId "5104742"]
[WhiteElo "1886"]
[BlackElo "2062"]
[Result "0-1"]
[Round "10"]
[TimeControl "180+1"]
[Date "2022.10.26"]
[WhiteClock "0:00:08"]
[BlackClock "0:00:14"]

1. e4 c5 2. g3 g6 3. Bg2 Bg7 4. Ne2 Nc6 5. c3 e6 6. O-O Nge7 7. d4 cxd4 8. cxd4 d5 9. e5 O-O 10. Nbc3 Qb6 11. Na4 Qc7 12. Bg5 h6 13. Bf6 Kh7 14. Bxg7 Kxg7 15. Rc1 Bd7 16. Nc5 b6 17. Nxd7 Qxd7 18. Qd2 Rac8 19. Rc2 Na5 20. Rfc1 Rxc2 21. Rxc2 Rc8 22. Qc1 Rc6 23. b3 Qc7 24. Rxc6 Qxc6 25. Qxc6 Nexc6 26. Bf1 Nb4 27. Nc3 Nac6 28. a3 Nc2 29. f4 N2xd4 30. b4 Nc2 31. Nb1 N6d4 32. Kf2 Kf8 33. Bd3 Ke7 34. b5 Kd7 35. a4 Kc7 36. Nc3 Nb4 37. Bb1 Nb3 38. Ke3 d4+ 39. Ke4 dxc3 0-1


[Site "https://www.chess.com"]

[Event "Titled Tuesday Blitz October 25 Late 2022"]
[White "Banzea, Alexandru-Bogdan"]
[Black "Haszon, David"]
[WhiteFideId "1232622"]
[BlackFideId "733610"]
[WhiteElo "2294"]
[BlackElo "2211"]
[Result "0-1"]
[Round "10"]
[TimeControl "180+1"]
[Date "2022.10.26"]
[WhiteClock "0:00:01"]
[BlackClock "0:01:03"]

1. d4 Nf6 2. Bf4 e6 3. e3 d5 4. Nf3 c5 5. Nbd2 Nc6 6. c3 Bd6 7. Bg3 O-O 8. Bd3 Qe7 9. Ne5 Nd7 10. Nxd7 Qxd7 11. O-O e5 12. dxe5 Bxe5 13. Bxe5 Nxe5 14. Bxh7+ Kxh7 15. Qh5+ Kg8 16. Qxe5 Re8 17. Qf4 a5 18. Rad1 Ra6 19. Nf3 Rf6 20. Qg5 Rf5 21. Qg3 Re6 22. Qb8 Rxf3 23. gxf3 Rg6+ 24. Qg3 Qf5 25. e4 Qxf3 0-1


[Site "https://www.chess.com"]

[Event "Titled Tuesday Blitz October 25 Late 2022"]
[White "Barash, Anton"]
[Black "Ismayil, Malak"]
[WhiteFideId "30935229"]
[BlackFideId "13412604"]
[WhiteElo "2285"]
[BlackElo "1879"]
[Result "0-1"]
[Round "10"]
[TimeControl "180+1"]
[Date "2022.10.26"]
[WhiteClock "0:00:01"]
[BlackClock "0:01:16"]

1. e4 e5 2. Nc3 Nc6 3. f4 Bc5 4. fxe5 Qh4+ 5. g3 Qe7 6. Nf3 Nxe5 7. Nd5 Nxf3+ 8. Qxf3 Qd8 9. c3 c6 10. Nf4 Ne7 11. d4 Bb6 12. Nh5 O-O 13. Bh6 f5 14. Bxg7 Rf7 15. exf5 Nxf5 16. Be5 Qg5 17. Nf6+ Rxf6 18. Bxf6 Qxf6 19. Bd3 Qe6+ 20. Kd2 Ng7 21. Rae1 Qh6+ 22. Kc2 d5 23. Re7 Be6 24. Re1 Rf8 25. Qg2 Bf5 26. Bxf5 Nxf5 27. Rxb7 Qg6 28. Kc1 Nd6 29. Rd7 Ne4 0-1


[Site "https://www.chess.com"]

[Event "Titled Tuesday Blitz October 25 Late 2022"]
[White "Barbero Sendic, Alejandro"]
[Black "Boskovic, Drasko"]
[WhiteFideId "3001288"]
[BlackFideId "927368"]
[WhiteElo "2314"]
[BlackElo "2388"]
[Result "1-0"]
[Round "10"]
[TimeControl "180+1"]
[Date "2022.10.26"]
[WhiteClock "0:00:06"]
[BlackClock "0:00:13"]

1. d4 Nf6 2. Nc3 d5 3. Bf4 c6 4. e3 b5 5. Bd3 b4 6. Nce2 e6 7. Nf3 Be7 8. Ne5 O-O 9. g4 Nfd7 10. h4 c5 11. c3 bxc3 12. bxc3 Nxe5 13. Bxe5 Nc6 14. Bf4 Bd6 15. Qc2 Bxf4 16. Bxh7+ Kh8 17. Nxf4 e5 18. dxe5 Nxe5 19. O-O-O Be6 20. h5 Rb8 21. Be4 d4 22. exd4 cxd4 23. Rxd4 Qg5 24. Qd2 Qxg4 25. f3 Qg3 26. Bd5 Bxd5 27. Rxd5 Nc4 28. Ng6+ Kg8 29. Ne7+ Kh7 30. Qd3+ f5 31. Qxc4 Qxf3 32. Rhd1 Qe3+ 33. R1d2 Qe1+ 34. Rd1 Qe3+ 35. R1d2 Qg1+ 36. Rd1 Qg5+ 37. R1d2 Rbe8 38. Nc6 Re1+ 39. Kc2 Qg1 40. Rd1 Qf2+ 41. R5d2 Qg1 42. Rxe1 Qxe1 43. Qd5 f4 44. Nd4 f3 45. Nxf3 Qf1 46. Ng5+ Kh6 47. Ne6 Qf5+ 48. Qxf5 Rxf5 49. Nd4 Ra5 50. Kb3 Kxh5 51. c4 g5 52. Kb4 Ra6 53. c5 Rf6 54. c6 g4 55. Kc5 g3 56. c7 Rf2 57. Rd1 Rf8 58. Kd6 Kg4 59. Kd7 g2 60. c8=Q Rxc8 61. Kxc8 1-0


[Site "https://www.chess.com"]

[Event "Titled Tuesday Blitz October 25 Late 2022"]
[White "Barria Zuniga, Daniel"]
[Black "Korchmar, Vasiliy"]
[WhiteFideId "3400816"]
[BlackFideId "24131750"]
[WhiteElo "2414"]
[BlackElo "2370"]
[Result "0-1"]
[Round "10"]
[TimeControl "180+1"]
[Date "2022.10.26"]
[WhiteClock "0:00:09"]
[BlackClock "0:01:40"]

1. d4 d5 2. c4 c6 3. Nf3 Nf6 4. Nc3 e6 5. Bg5 Nbd7 6. e3 Be7 7. Qc2 O-O 8. O-O-O a5 9. Kb1 a4 10. h3 a3 11. b3 c5 12. dxc5 Nxc5 13. cxd5 Nxd5 14. Nxd5 exd5 15. Bxe7 Qxe7 16. Rxd5 b6 17. Bc4 Bb7 18. Re5 Qf6 19. Rf5 Qg6 20. Nh4 Qh6 21. Rf4 Qxf4 22. exf4 Be4 23. Rd1 Rad8 24. Rxd8 Rxd8 25. Kc1 Bxc2 26. Kxc2 Ne4 27. Nf3 Kf8 28. b4 f6 29. Kb3 Nd2+ 30. Nxd2 Rxd2 31. Kxa3 Rxf2 32. Bd5 Rxf4 33. Ka4 Ke7 34. Kb5 Kd6 35. Bc6 Rxb4+ 36. Kxb4 Kxc6 0-1


[Site "https://www.chess.com"]

[Event "Titled Tuesday Blitz October 25 Late 2022"]
[White "Baskakov, Egor"]
[Black "Winterberg, Lukas"]
[WhiteFideId "24197866"]
[BlackFideId "24622702"]
[WhiteElo "2211"]
[BlackElo "2349"]
[Result "1/2-1/2"]
[Round "10"]
[TimeControl "180+1"]
[Date "2022.10.26"]
[WhiteClock "0:00:05"]
[BlackClock "0:00:05"]

1. e4 e6 2. Nc3 d5 3. g3 dxe4 4. Nxe4 Nd7 5. Bg2 Ngf6 6. Nxf6+ Nxf6 7. d4 c5 8. Ne2 h5 9. h3 h4 10. g4 Be7 11. O-O Qc7 12. Bf4 Bd6 13. Bxd6 Qxd6 14. c4 Rb8 15. Qd2 Bd7 16. Qg5 cxd4 17. Qxg7 Ke7 18. Qg5 Bc6 19. Rad1 Rbg8 20. Qa5 Bxg2 21. Kxg2 Nxg4 22. hxg4 Rxg4+ 23. Kh1 Rhg8 24. Qxa7 Rg2 25. Qxb7+ Kf6 26. Qf3+ Ke7 27. Nf4 R2g4 28. Nh3 f5 29. Rfe1 Kf7 30. Rg1 Ke7 31. a4 Qb4 32. Rge1 Kf6 33. b3 Qd6 34. Rg1 e5 35. Qd5 Qb6 36. Rge1 Re8 37. Rd3 Qb4 38. Red1 Qe7 39. Qc6+ Kg7 40. Qf3 Qe6 41. R3d2 e4 42. Nf4 Qe5 43. Nd3 exf3 44. Nxe5 Rxe5 45. Rd3 Rg2 46. Rxf3 h3 47. Rxh3 Rxf2 48. Rg3+ Kf6 49. Rxd4 Rb2 50. Rd1 Ree2 51. Rh3 f4 52. Rd6+ Kf5 53. Rd1 Kg4 54. Rh8 f3 55. Rg1+ Kf4 56. Rf8+ Ke3 57. Re8+ Kf2 58. Rh8 Ke3 59. Re8+ Kd3 60. Rd8+ Kc3 61. Rh8 Kxb3 62. Rh3 Rf2 63. c5 Kxa4 64. c6 Rbc2 65. Rgg3 Rc3 66. c7 Rc1+ 67. Rg1 Rxc7 68. Ra1+ Kb3 69. Kg1 Rg2+ 70. Kh1 Rcc2 71. Rb1+ Kc3 72. Rf1 Rgf2 73. Ra1 Kd3 74. Ra3+ Ke2 75. Ra1 Rd2 76. Kg1 Rg2+ 77. Kh1 Rd3 78. Ra2+ Kf1 79. Rxf3+ Rxf3 80. Rxg2 Rh3+ 81. Rh2 Rg3 82. Rh5 Rg1+ 83. Kh2 Rg2+ 84. Kh3 Rf2 85. Rg5 Ke2 86. Rg2 Rxg2 87. Kxg2 1/2-1/2


[Site "https://www.chess.com"]

[Event "Titled Tuesday Blitz October 25 Late 2022"]
[White "Bernat, David"]
[Black "Estrada Nieto, Julian"]
[WhiteFideId "2099225"]
[BlackFideId "5101018"]
[WhiteElo "2324"]
[BlackElo "2252"]
[Result "0-1"]
[Round "10"]
[TimeControl "180+1"]
[Date "2022.10.26"]
[WhiteClock "0:00:11"]
[BlackClock "0:00:11"]

1. c4 e5 2. Nc3 Nf6 3. g3 d5 4. cxd5 Nxd5 5. Bg2 Nb6 6. d3 Nc6 7. Nf3 Be7 8. O-O O-O 9. Be3 f5 10. a3 Bf6 11. Rc1 Be6 12. b4 a6 13. b5 axb5 14. Nxb5 Nd5 15. Bc5 Rf7 16. e4 Nb6 17. exf5 Bxf5 18. d4 e4 19. Nd2 Nxd4 20. Bxd4 Bxd4 21. Nxe4 Bxe4 22. Bxe4 c5 23. Nxd4 cxd4 24. Qb3 Kf8 25. Bxh7 Qd6 26. Qb4 Qxb4 27. axb4 Ra2 28. Rcd1 Rd7 29. Rfe1 g5 30. Re5 Rxh7 31. Rxd4 Rf7 32. Rd8+ Kg7 33. Rxg5+ Kh6 34. f4 Rd7 35. Rh8+ Rh7 36. Rh5+ Kxh5 37. Rxh7+ Kg4 38. Rxb7 Nc4 39. Rc7 Kf3 40. h4 Kxg3 41. Rg7+ Kf3 42. h5 Ne3 43. h6 Ng4 44. Rxg4 Kxg4 45. h7 Ra8 46. b5 Kxf4 47. b6 Kg5 48. b7 Rb8 49. Kf2 Kh6 50. Ke3 Kxh7 0-1


[Site "https://www.chess.com"]

[Event "Titled Tuesday Blitz October 25 Late 2022"]
[White "Bordi, Kevin"]
[Black "Goncalves, Davi Sulzbacher"]
[WhiteFideId "621862"]
[BlackFideId "2154510"]
[WhiteElo "2836"]
[BlackElo "2182"]
[Result "1-0"]
[Round "10"]
[TimeControl "180+1"]
[Date "2022.10.26"]
[WhiteClock "0:01:25"]
[BlackClock "0:00:01"]

1. e4 c5 2. Nf3 Nc6 3. Bc4 e6 4. O-O Rb8 5. Re1 b5 6. Bf1 Nge7 7. c3 d5 8. exd5 Nxd5 9. d4 Be7 10. dxc5 Bxc5 11. a4 b4 12. Bb5 Bd7 13. Qxd5 Qb6 14. Qd2 O-O 15. Qe2 a6 16. Bxa6 Na5 17. Bf4 Ra8 18. Bb5 Nb3 19. Bxd7 Nxa1 20. Nbd2 bxc3 21. bxc3 Nc2 22. Nc4 Qa7 23. Rd1 Na3 24. Nxa3 Bxa3 25. Bb5 Rfd8 26. h3 Bc5 27. Bg3 h6 28. Ne5 Qe7 29. Rxd8+ Qxd8 30. Qf3 Qf6 31. Qxf6 gxf6 32. Nd7 Be7 33. Nb6 Ra5 34. Bc7 Ra7 35. Bf4 Bd8 36. Nc8 Ra8 37. Nd6 Kg7 38. Nb7 Bb6 39. c4 e5 40. Be3 Bxe3 41. fxe3 Rb8 42. Nd6 Kg6 43. a5 f5 44. a6 Ra8 45. Nb7 Kf6 46. Nc5 Ke7 47. Bc6 Ra7 48. Bb7 Kd6 49. Nd3 Kc7 50. Nxe5 f6 51. Nd3 1-0


[Site "https://www.chess.com"]

[Event "Titled Tuesday Blitz October 25 Late 2022"]
[White "Brown, Andrew"]
[Black "Aghasiyev, Kamal"]
[WhiteFideId "3206513"]
[BlackFideId "13402854"]
[WhiteElo "2245"]
[BlackElo "2341"]
[Result "0-1"]
[Round "10"]
[TimeControl "180+1"]
[Date "2022.10.26"]
[WhiteClock "0:00:02"]
[BlackClock "0:00:05"]

1. d4 d5 2. c4 e6 3. Nc3 Nf6 4. Nf3 Be7 5. Bg5 Nbd7 6. e3 h6 7. Bh4 O-O 8. Qc2 c5 9. cxd5 Nxd5 10. Bxe7 Nxe7 11. dxc5 Nxc5 12. Rd1 Qb6 13. Be2 Bd7 14. Ne5 Rfd8 15. Nxd7 Rxd7 16. Rxd7 Nxd7 17. O-O Rc8 18. Bf3 Ne5 19. Be2 Nd5 20. Qe4 Nxc3 21. bxc3 Nd7 22. Rb1 Nf6 23. Rxb6 Nxe4 24. Rxb7 Nxc3 25. Bd3 a5 26. a3 Rd8 27. Bc2 g5 28. g3 Rd2 29. Bb3 Ne4 30. f3 Nc5 31. Rb5 Nxb3 32. Rxb3 Ra2 33. h4 gxh4 34. gxh4 a4 35. Rc3 Kg7 36. Kf1 e5 37. Kg1 Kg6 38. Kf1 f5 39. Rc6+ Kh5 40. Rc5 Kxh4 41. Rxe5 h5 42. Rxf5 Rxa3 43. e4 Kg3 44. e5 h4 45. e6 Re3 46. Rf6 a3 47. e7 Rxe7 48. Ra6 Re3 49. f4 Kxf4 50. Kf2 Rf3+ 51. Kg2 Rg3+ 52. Kh2 Ke4 53. Ra4+ Kd5 54. Rxh4 Re3 55. Ra4 Kc5 56. Kg2 Kb5 57. Ra8 Kb4 58. Kf2 Re5 59. Rb8+ Rb5 60. Ra8 Ra5 61. Rb8+ Ka4 62. Rc8 a2 63. Rc1 Kb3 64. Re1 Ka3 65. Re2 a1=Q 0-1


[Site "https://www.chess.com"]

[Event "Titled Tuesday Blitz October 25 Late 2022"]
[White "Buscar, Michael"]
[Black "Jimenez Almeida, Luis David"]
[WhiteFideId "2603616"]
[BlackFideId "22242244"]
[WhiteElo "2010"]
[BlackElo "2158"]
[Result "1-0"]
[Round "10"]
[TimeControl "180+1"]
[Date "2022.10.26"]
[WhiteClock "0:00:23"]
[BlackClock "0:00:14"]

1. Nf3 g6 2. g3 Bg7 3. Bg2 d6 4. d3 c5 5. e4 Nc6 6. O-O e5 7. c3 Nge7 8. a4 b6 9. Na3 O-O 10. Nc4 h6 11. Ne3 Be6 12. Nd2 d5 13. exd5 Nxd5 14. Ndc4 Nde7 15. Qe2 Rc8 16. Rd1 Qc7 17. Ng4 h5 18. Nge3 Rfd8 19. Bd2 a6 20. Be1 b5 21. axb5 axb5 22. Nd2 b4 23. Ndc4 Ra8 24. Qc2 bxc3 25. bxc3 h4 26. Ra2 Rxa2 27. Qxa2 h3 28. Bf3 Kh7 29. Qa3 Qa7 30. Qxa7 Nxa7 31. Bg4 Bxg4 32. Nxg4 Nac6 33. f3 Nd5 34. Nf2 Ra8 35. Nxh3 Ra2 36. Ng5+ Kg8 37. Ne4 Bh6 38. Bf2 f5 39. Nxc5 Nxc3 40. Re1 Bg7 41. Nd7 e4 42. dxe4 fxe4 43. fxe4 Ne2+ 44. Kf1 Ncd4 45. e5 Rc2 46. Ne3 Rc7 47. Nf6+ Bxf6 48. exf6 Nc3 49. Ra1 Kf7 50. Ng4 Nf5 51. Ra6 Ne4 52. Ne5+ Ke8 53. f7+ Kf8 54. Ra8+ Ke7 55. f8=Q+ Ke6 56. Re8+ Kd5 57. Nd3 1-0


[Site "https://www.chess.com"]